 Dungeon Crawl Stone Soup version 0.30-a0-341-g682706514a (webtiles) character file.

Game seed: 13749690724992448148

345 pokeman the Magician (level 6, 0/34 HPs)
             Began as a Deep Elf Hedge Wizard on Nov 2, 2022.
             Slain by a gnoll
             ... wielding a +5 flail
              (7 damage)
             ... on level 4 of the Dungeon.
             The game lasted 00:08:17 (4090 turns).

pokeman the Magician (Deep Elf Hedge Wizard)        Turns: 4090, Time: 00:08:18

Health: 0/34       AC:  4    Str:  7    XL:     6   Next: 32%
Magic:  0/18       EV: 13    Int: 21    God:
Gold:   126        SH:  0    Dex: 14    Spells: 11/19 levels left

rFire   . . .      SeeInvis .    n - +3 spear
rCold   . . .      Faith    .    (no shield)
rNeg    . . .      Spirit   .    b - +0 robe
rPois   .          Reflect  .    l - +0 helmet
rElec   .          Harm     .    (no cloak)
rCorr   .          Rampage  .    k - +0 pair of gloves
Will    .....                    (no boots)
Stlth   ++........               (no amulet)
HPRegen 0.25/turn                (no ring)
MPRegen 0.16/turn                (no ring)

@: on blink cooldown
A: no striking features
a: no special abilities


You were on level 4 of the Dungeon.
You visited 1 branch of the dungeon, and saw 4 of its levels.

You collected 272 gold pieces.
You spent 146 gold pieces at shops.

Inventory:

Hand Weapons
 n - a +3 spear (weapon)
Armour
 b - a +0 robe (worn)
 c - a +0 leather armour
 k - a +0 pair of gloves (worn)
 l - a +0 helmet (worn)
Jewellery
 m - a ring of ice
Scrolls
 a - a scroll of enchant weapon {unknown}
 e - 4 scrolls of identify
 f - 2 scrolls of poison {unknown}
 g - 3 scrolls of teleportation
 j - a scroll of amnesia {unknown}
 q - a scroll of fear {unknown}
 s - a scroll of blinking
Potions
 d - a potion of magic
 h - a potion of haste {unknown}
 i - 3 potions of curing {unknown}
 o - 4 potions of might {unknown}
 p - a potion of attraction {unknown}
 r - a potion of brilliance {unknown}
 t - a potion of heal wounds {unknown}


   Skills:
 + Level 1.3 Fighting
 - Level 1.0 Armour
 - Level 3.1 Dodging
 - Level 3.2 Stealth
 * Level 7.0 Spellcasting
 + Level 3.2 Conjurations
 - Level 1.1 Summonings
 - Level 1.1 Translocations
 - Level 1.0 Air Magic
 - Level 1.1 Poison Magic


You had 11 spell levels left.
You knew the following spells:

 Your Spells              Type           Power      Damage    Failure   Level
a - Magic Dart            Conj           84%        1d7       2%          1
b - Mephitic Cloud        Conj/Pois/Air  14%        N/A       13%         3
c - Call Imp              Summ           12%        N/A       9%          2
d - Blink                 Tloc           24%        N/A       9%          2

Your spell library contained the following spells:

 Spells                   Type           Power      Damage    Failure   Level
 Slow                     Hex            28%        N/A       9%          1
 Cigotuvi's Dreadful Rot  Necr/Pois/Air  20%        N/A       10%         2
 Hailstorm                Conj/Ice       14%        3d5       14%         3
 Call Canine Familiar     Summ           12%        N/A       17%         3
 Portal Projectile        Hex/Tloc       18%        N/A       22%         3
 Ice Form                 Ice/Tmut       7%         N/A       65%         4
 Leda's Liquefaction      Hex/Erth       3%         N/A       65%         4
 Simulacrum               Ice/Necr       3%         N/A       100%        6


Dungeon Overview and Level Annotations

Branches:
Dungeon (4/15)
 Temple: D:4-7

Altars:
Elyvilon

Shops:
D:3 ***[!

Annotations:
D:3 2 runed translucent doors, RKaid's ghost, novice DsWn


Message History

The ball explodes into a vile cloud!
The stinking cloud engulfs the ogre but does no damage.
The ogre is moderately wounded.
The ogre is engulfed in noxious fumes.
The ogre appears confused.
Unknown command.
Casting: Mephitic Cloud (quite dangerous; 14% risk of failure)
Confirm with . or Enter, or press ? or * to list all spells.
A beastly little devil appears in a puff of flame.
A centaur comes into view.
The ogre is engulfed in noxious fumes.
The ogre appears confused.
Unknown command.
You hit the ogre.
The ogre is moderately wounded.
You feel stable enough to blink again.
The centaur wields a +0 shortbow.
The centaur shoots an arrow.
The arrow hits your crimson imp! The ogre barely misses you.
The ogre hits itself with a +0 giant club!!
The ogre is killed!
The centaur shoots an arrow.
The arrow hits your crimson imp.
Your crimson imp blinks!
Your Spellcasting skill increases to level 7!
Unknown command.
The hound is engulfed in noxious fumes.
The centaur shoots an arrow.
The arrow hits you.
Things that are here:
a +0 giant club; an ogre corpse Unknown command.
The hound closely misses you. The hound bites you.
The centaur shoots an arrow.
The arrow hits you!
Casting: Call Imp (safe; 9% risk of failure)
Confirm with . or Enter, or press ? or * to list all spells.
You blink.
Unknown command.
The gnoll hits you with a +5 flail!
* * * LOW HITPOINT WARNING * * *
The hound barely misses you.
There is an escape hatch in the ceiling, spattered with blood here.
Unknown command.
The hound bites you but does no damage. The gnoll hits you with a +5 flail!
You die...

#...).# #.###.# #...#.# ###
##....# ..######..###
).c########.##......###
........)....+......†.# ###
...########.h#.....##†######..
#g@.....#.^....##..
##.######......##.. #..##
#.......... ##..##############
##....# #<( ####)## ### #..# #
...gg.........#.###
h########.##.!#....


You could see a hound and a gnoll.

Vanquished Creatures
  2 ogres
  2 hounds (D:4)
  2 adders (D:2)
  4 gnolls
  3 dart slugs
  An orc (D:3)
  5 endoplasms
  2 giant cockroaches
  4 goblins (D:1)
  6 hobgoblins
  3 quokkas
  3 ball pythons (D:1)
  2 bats
  4 frilled lizards
  7 kobolds
  10 rats
60 creatures vanquished.

Notes
Turn   | Place    | Note
-------+----------+-------------------------------------------
     0 | D:1      | pokeman the Deep Elf Hedge Wizard began the quest for the
                  | Orb.
     0 | D:1      | Reached XP level 1. HP: 10/10 MP: 7/7
   426 | D:1      | Reached XP level 2. HP: 10/16 MP: 6/9
  1155 | D:1      | Reached skill level 5 in Spellcasting
  1501 | D:2      | Reached XP level 3. HP: 20/20 MP: 8/11
  1505 | D:2      | Learned a level 3 spell: Mephitic Cloud
  1508 | D:2      | Learned a level 2 spell: Call Imp
  1511 | D:2      | Learned a level 2 spell: Blink
  2386 | D:2      | Reached skill level 1 in Fighting
  2386 | D:2      | Reached skill level 1 in Armour
  2824 | D:3      | Reached XP level 4. HP: 25/25 MP: 4/13
  2929 | D:3      | Found Piboezot's General Store.
  2941 | D:3      | Found Quthel's Antique Armour Shop.
  2964 | D:3      | Bought a scroll of teleportation for 36 gold pieces
  2964 | D:3      | Bought a scroll of identify for 24 gold pieces
  3142 | D:3      | Found a runed translucent door.
  3190 | D:3      | Noticed RKaid's ghost (novice DsWn)
  3258 | D:3      | Found Tubum's General Store.
  3261 | D:3      | Bought a scroll of blinking for 75 gold pieces
  3263 | D:3      | Found a runed translucent door.
  3272 | D:3      | Noticed an ogre
  3286 | D:3      | Killed an ogre
  3287 | D:3      | Reached skill level 6 in Spellcasting
  3287 | D:3      | Reached XP level 5. HP: 29/29 MP: 4/15
  3430 | D:3      | Found Lozibioph's General Store.
  3441 | D:3      | Found Plog's Distillery.
  3444 | D:3      | Bought a scroll of noise for 11 gold pieces
  3657 | D:3      | Found a white marble altar of Elyvilon.
  3996 | D:4      | Reached skill level 1 in Air Magic
  3996 | D:4      | Reached skill level 1 in Poison Magic
  4062 | D:4      | Noticed an ogre
  4071 | D:4      | Reached XP level 6. HP: 34/34 MP: 8/17
  4086 | D:4      | Reached skill level 7 in Spellcasting
  4090 | D:4      | Slain by a gnoll

Illustrated notes

Levels and vault maps discovered:
D:1:      onia_arrival_mini_maze_b, layout_basic,
          corexii_item_surrounded_by_moat, nrook_mini_vaults
D:2:      layout_rooms, grunt_decor_arrowhead, minmay_pentomino_p4
D:3:      layout_rooms, marbit_many_paths, serial_shops,
          nicolae_shop_advertising_works [nicolae_subvault_shop_adworks],
          nicolae_shop_behind_doors, shop_coins, shop,
          nicolae_shop_window_shopping, ebering_ghost_sewer_f,
          minmay_misc_feat_diagonals, palyth_stone_intersect
D:4:      layout_basic, mainiacjoe_overflow_small_starburst

Skill      XL: |  1  2  3  4  5  6 |
---------------+-------------------+-----
Spellcasting   | 5 6 7 |  7.0
Fighting       | 1 |  1.3
Armour         | 1 |  1.0
Conjurations   | 2 3 |  3.2
Dodging        | 3 |  3.1
Stealth        | 3 |  3.2
Air Magic      | 1 |  1.0
Poison Magic   | 1 |  1.1
Summonings     | |  1.1
Translocations | |  1.1

Action                   |  1- 3 |  4- 6 || total
-------------------------+-------+-------++-------
Melee: Dagger            |     5 |       ||     5
       Punch             |     1 |       ||     1
       Spear             |     7 |    20 ||    27
 Cast: Magic Dart        |    96 |    66 ||   162
       Blink             |    29 |     2 ||    31
       Mephitic Cloud    |       |     5 ||     5
       Call Imp          |       |     2 ||     2
 Stab: Confused          |       |     5 ||     5
Armor: Robe              |     4 |     2 ||     6
Dodge: Dodged            |    18 |    16 ||    34

Table legend: (Time is in decaauts)
 A = Elapsed time spent in this place.
 B = Non-inter-level travel time spent in this place.
 C = Inter-level travel time spent in this place.
 D = Time resting spent in this place.
 E = Time spent auto-exploring this place.
 F = Levels seen in this place.
 G = Mean time per level.
                   A        B        C        D        E       F      G
               +--------+--------+--------+--------+--------+-----+--------+
         Total |   4091 |   3918 |    173 |    298 |   3015 |   4 | 1022.8 |
       Dungeon |   4091 |   3918 |    173 |    298 |   3015 |   4 | 1022.8 |
               +--------+--------+--------+--------+--------+-----+--------+

Top non-repeatable levels by time:
     D:1: 2013 daAuts
     D:3: 923 daAuts
     D:2: 796 daAuts
     D:4: 358 daAuts
